 Dungeon Sprint DCSS version 0.21.1-1-g345015f (webtiles) character file.

259 Fang the Fighter (level 6, -22/45 HPs)
             Began as a Gargoyle Berserker on July 22, 2018.
             Was an Elder of Trog.
             Killed from afar by a deep elf mage (44 damage)
             ... with a bolt of cold
             ... in the Dungeon (Sprint VII: "The Pits").
             The game lasted 00:02:11 (391 turns).

Fang the Fighter (Gargoyle Berserker)                Turns: 391, Time: 00:02:12

Health: -22/45     AC:  6    Str: 23    XL:     6   Next: 17%
Magic:  6/6        EV: 13    Int:  7    God:    Trog [****..]
Gold:   0          SH:  0    Dex:  9    Spells: 5/5 levels left

rFire    . . .     SeeInvis .   j - +2 hand axe (flame)
rCold    . . .     Gourm    .   (no shield)
rNeg     + . .     Faith    .   b - +0 animal skin
rPois    ∞         Spirit   .   (no helmet)
rElec    +         Reflect  .   (no cloak)
rCorr    .         Harm     .   (no gloves)
MR       .....     NoTele   +   (no boots)
Stlth    +.........             (no amulet)
HPRegen  0.15/turn              (no ring)
MPRegen  0.10/turn              (no ring)

@: berserk cooldown
A: negative energy resistance 1, electricity resistance, unbreathing,
petrification resistance, rot immunity, AC +4
a: Berserk, Trog's Hand, Brothers in Arms, Burn Spellbooks, Renounce Religion


You were in the Dungeon.
You worshipped Trog.
Trog was greatly pleased with you.
You were very hungry.

You visited 1 branch

Inventory:

Hand Weapons
 j - a +2 hand axe of flaming (weapon)
 m - a +0 hand axe of chopping
Armour
 b - a +0 animal skin (worn)
Scrolls
 i - a scroll of blinking
 k - 3 scrolls of remove curse
 l - a scroll of summoning
Potions
 a - 2 potions of invisibility
 d - 6 potions of curing
 e - 4 potions of heal wounds
 f - a potion of haste
 g - 4 potions of magic
 h - 3 potions of berserk rage
Comestibles
 c - 9 rations


   Skills:
 + Level 8.6 Fighting
 + Level 7.9 Axes
 + Level 4.6 Armour
 + Level 3.9 Dodging
 + Level 0.8 Stealth


You had 5 spell levels left.
You didn't know any spells.

Dungeon Overview and Level Annotations

Branches:
Dungeon (1/1)

Altars:
Cheibriados
Dithmenos
Elyvilon
Fedhas
Gozag
Hepliaklqana
Makhleb
Nemelex Xobeh
Okawaru
Qazlal
Ru
Sif Muna
Trog
Vehumet
Wu Jian
Xom
Yredelemnul
Zin
The Shining One
Beogh
Jiyva
Lugonu


Innate Abilities, Weirdness & Mutations

You are resistant to torment.
Your stone body is resilient. (AC +4)
You are immune to poison.
You resist negative energy. (rN+)
You are resistant to electric shocks. (rElec)
You can survive without breathing.
You are immune to petrification.
You are immune to rotting.


Message History

Unknown command.
Unknown command.
You slash the ice beast!
You melt the ice beast.
You kill the ice beast!
You hit the deep elf mage. You burn the deep elf mage.
The deep elf mage gestures at you while chanting.
The bolt of cold hits you!
Ouch! That really hurt!
* * * LOW HITPOINT WARNING * * *
The bolt of cold hits the ice beast.
The ice beast completely resists.
You feel much better. The ice beast completely misses you.
The deep elf mage hits you but does no damage.
You slash the ice beast!
You melt the ice beast.
The ice beast is moderately wounded.
You hit the deep elf mage. You burn the deep elf mage. The ice beast hits you.
The ice beast freezes you!
The deep elf mage points at you and mumbles some strange words.
The bolt of cold hits you!
Ouch! That really hurt!
You die...

########## ________.#
________.#
______...##########
##########'##........
#.?(.')))'.##......#.
##########.##........
#..Y@e.....)'........
#'#####'#####......#.
#.#[[#..)..##........
#Y#))#####)#####'####
#.#))#.....##.......#
#.#.)#.....##.......#
#.#..###'####.......#
#e##'#..†..##...<...#
#.#........##.......#


You could see a deep elf mage and an ice beast.

Vanquished Creatures
  A flying skull (D)
  A crimson imp (D)
  A mummy (D)
  An adder (D)
  2 gnolls (D)
  A river rat (D)
  An ooze (D)
  2 orcs (D)
  A bat zombie (D)
  A hobgoblin (D)
  A kobold (D)
13 creatures vanquished.

Notes
Turn   | Place    | Note
-------+----------+-------------------------------------------
     0 | D        | Fang the Gargoyle Berserker began the quest for the Orb.
     0 | D        | Reached XP level 1. HP: 14/14 MP: 1/1
    14 | D        | Reached skill level 4 in Fighting
    14 | D        | Reached XP level 2. HP: 19/20 MP: 2/2
    21 | D        | Found a bloodstained altar of Trog.
    21 | D        | Found a deep blue altar of Sif Muna.
    21 | D        | Found a viscous altar of Jiyva.
    21 | D        | Found a hazy altar of Hepliaklqana.
    21 | D        | Found an opulent altar of Gozag.
    22 | D        | Found a glowing golden altar of the Shining One.
    22 | D        | Found a glowing silver altar of Zin.
    22 | D        | Found a basalt altar of Yredelemnul.
    22 | D        | Found a shimmering altar of Xom.
    22 | D        | Found an ornate altar of the Wu Jian Council.
    22 | D        | Found a sacrificial altar of Ru.
    22 | D        | Found a stormy altar of Qazlal.
    22 | D        | Found an iron altar of Okawaru.
    22 | D        | Found a sparkling altar of Nemelex Xobeh.
    22 | D        | Found a burning altar of Makhleb.
    22 | D        | Found a blossoming altar of Fedhas.
    22 | D        | Found a white marble altar of Elyvilon.
    22 | D        | Found a shadowy altar of Dithmenos.
    22 | D        | Found a snail-covered altar of Cheibriados.
    24 | D        | Found a radiant altar of Vehumet.
    24 | D        | Found a corrupted altar of Lugonu.
    24 | D        | Found a roughly hewn altar of Beogh.
    73 | D        | Reached ** piety under Trog
   219 | D        | Reached skill level 5 in Fighting
   230 | D        | Reached XP level 3. HP: 26/26 MP: 3/3
   230 | D        | Reached *** piety under Trog
   234 | D        | Reached skill level 5 in Axes
   234 | D        | Reached XP level 4. HP: 32/32 MP: 4/4
   341 | D        | Noticed a flying skull
   349 | D        | Reached skill level 6 in Fighting
   355 | D        | Killed a flying skull
   355 | D        | Reached **** piety under Trog
   355 | D        | Reached skill level 8 in Fighting
   355 | D        | Reached XP level 5. HP: 12/40 MP: 5/5
   365 | D        | Reached XP level 6. HP: 9/45 MP: 6/6
   367 | D        | Noticed a deep elf mage
   373 | D        | Noticed an ice beast
   377 | D        | Noticed an ice beast
   391 | D        | Killed from afar by a deep elf mage

Skill      XL: |  1  2  3  4 |
---------------+-------------+-----
Fighting       | 4 5 8 |  8.6
Axes           | 3 4 5 7 |  7.9
Dodging        | 2 3 |  3.9
Armour         | 3 4 |  4.6
Stealth        | |  0.8

Action                   |  1- 3 |  4- 6 || total
-------------------------+-------+-------++-------
Melee: Hand axe          |    19 |    29 ||    48
Invok: Berserk           |     2 |     1 ||     3
  Use: Potion            |       |     2 ||     2
Armor: Animal skin       |     7 |    12 ||    19
Dodge: Dodged            |    15 |    20 ||    35
